 Dungeon Crawl Stone Soup version 0.29-a0-615-gdeedd76f10 (webtiles) character file.

Game seed: 10113968854746343653

54 Kayos the Covered (level 3, -2/24 HPs)
             Began as a Gargoyle Fighter on June 17, 2022.
             Was a Follower of Dithmenos.
             Slain by Sigmund
             ... wielding a +0 scythe
              (5 damage)
             ... on level 3 of the Dungeon.
             The game lasted 00:07:34 (2533 turns).

Kayos the Covered (Gargoyle Fighter)                Turns: 2533, Time: 00:07:34

Health: -2/24      AC: 15    Str: 21    XL:     3   Next: 91%
Magic:  3/3        EV:  9    Int:  8    God:    Dithmenos [*.....]
Gold:   159        SH:  0    Dex:  9    Spells: 2/2 levels left

rFire   . . .      SeeInvis .   a - +0 flail
rCold   . . .      Faith    .   c - +0 buckler
rNeg    + . .      Spirit   .   n - +2 scale mail {rPois}
rPois   ∞          Reflect  .   (no helmet)
rElec   +          Harm     .   (no cloak)
rCorr   .          Rampage  .   h - +2 pair of gloves
Will    .....                   (no boots)
Stlth   ..........              (no amulet)
HPRegen 0.08/turn               (no ring)
MPRegen 0.08/turn               (no ring)

@: confused, wreathed by umbra
A: sickness immunity, AC +3, negative energy resistance 1, electricity
resistance, torment resistance 1, petrification resistance
a: Renounce Religion


You were on level 3 of the Dungeon.
You worshipped Dithmenos.
Dithmenos was aware of your devotion.
You visited 1 branch of the dungeon, and saw 3 of its levels.

You collected 159 gold pieces.

Inventory:

Hand Weapons
 a - a +0 flail (weapon)
Armour
 c - a +0 buckler (worn)
 h - a +2 pair of gloves (worn)
 n - a +2 scale mail of poison resistance (worn)
Scrolls
 b - a scroll of enchant weapon {unknown}
 e - 2 scrolls of identify {unknown}
 j - a scroll of magic mapping {unknown}
 k - a scroll of blinking {unknown}
 l - a scroll of vulnerability {unknown}
 p - a scroll of teleportation {unknown}
Potions
 d - a potion of might
 f - a potion of brilliance {unknown}
 g - a potion of lignification {unknown}
 i - a potion of magic {unknown}
 m - a potion of haste {unknown}
 o - a potion of curing {unknown}


   Skills:
 + Level 3.6 Fighting
 + Level 0.1 Long Blades
 + Level 0.1(1.4) Axes
 + Level 2.7 Maces & Flails
 + Level 3.8 Armour
 + Level 3.8 Shields


You had 2 spell levels left.
You didn't know any spells.
Your spell library contained the following spells:

 Spells                   Type           Power      Damage    Failure   Level
 Ensorcelled Hibernation  Hex/Ice        0%         N/A       92%         2
 Passwall                 Tmut/Erth      0%         N/A       92%         2
 Swiftness                Air            0%         N/A       99%         3


Dungeon Overview and Level Annotations

Branches:
Dungeon (3/15)

Altars:
Dithmenos

Annotations:
D:3 Jessica, Sigmund


Innate Abilities, Weirdness & Mutations

You are immune to sickness and miasma.
Your stone body is resilient. (AC +3)
You are immune to poison.
You resist negative energy. (rN+)
You are resistant to electric shocks. (rElec)
You are resistant to unholy torment.
You are immune to petrification.


Message History

You now have 144 gold pieces (gained 10).
p - a scroll labelled MULENIT HOVASO You now have 159 gold pieces (gained 15).
A rat comes into view.
The rat twitches its whiskers.
The rat closely misses you.
You hit the rat.
You kill the rat!
Dithmenos accepts your kill.
Found a stone staircase leading down.
Sigmund the Dreaded comes into view.
He is wielding a +0 scythe.
Sigmund shouts!
Jessica the Apprentice Sorceress comes into view.
She is wielding a +0 club.
Jessica shouts!
Sigmund hits you with a +0 scythe!
Jessica shouts, "Stop bothering me, or I'll kill you!"
Sigmund mumbles some strange words.
Sigmund flickers and vanishes!
Deactivating autopickup; reactivate with Ctrl-A.
Something hits you but does no damage.
Jessica casts a spell.
Jessica blinks!
You hear some strange, mumbled words.
A puff of flame appears from out of thin air!
The puff of flame hits you.
You closely miss something. Something hits you but does no damage.
You miss something. You block something's attack.
You miss something. Something hits you but does no damage.
You closely miss something. Something hits you!
* * * LOW HITPOINT WARNING * * *
Jessica points at you and mumbles some strange words.
Something writhes in agony!
Jessica mumbles some strange words.
Jessica blinks!
You hear some strange, mumbled words.
You are confused.
You bump into the rock wall.
You bump into the rock wall.
Something hits you but does no damage.
You bump into the rock wall.
Something hits you.
You die...

#.#####.# #.#####.###
#.#........ ####
#.#.###.###
....#########.#.##<....
.......................
..............#.###.###
###^ #.#......###.# #.#
.....#.#@#.....##.###.###
.....#.#.#...........<...
.....#.#.#......#.#.##.##
.......#.#(.....#...##...
.......#.####.#.#.##..##.
.......#.# #.#.#.# >.##.
.........# #.#.#...##..
#.#......# #.#.#.#. .#
#......# #.#.#.. #


There were no monsters in sight!

Vanquished Creatures
  2 adders (D:2)
  6 ball pythons
  2 bats (D:1)
  2 endoplasms (D:1)
  2 giant cockroaches
  3 goblins
  4 hobgoblins
  2 kobolds (D:1)
  3 quokkas (D:1)
  A frilled lizard (D:1)
  4 rats
31 creatures vanquished.

Notes
Turn   | Place    | Note
-------+----------+-------------------------------------------
     0 | D:1      | Kayos the Gargoyle Fighter began the quest for the Orb.
     0 | D:1      | Reached XP level 1. HP: 14/14 MP: 1/1
   191 | D:1      | Found a faded altar of an unknown god.
   196 | D:1      | Prayed at the altar of an unknown god.
   196 | D:1      | Became a worshipper of Dithmenos the Shadowed
   196 | D:1      | Reached * piety under Dithmenos
   228 | D:1      | Reached XP level 2. HP: 8/19 MP: 2/2
  1423 | D:1      | Reached XP level 3. HP: 23/23 MP: 3/3
  2351 | D:2      | Identified the +7 hunting sling of Peuh {speed, +Blink
                  | rElec rF+}
  2510 | D:3      | Noticed Sigmund
  2512 | D:3      | Noticed Jessica
  2533 | D:3      | Slain by Sigmund

Illustrated notes

Levels and vault maps discovered:
D:1:      ncdulo_halloftheorcs, layout_basic, chequers_ecumenical_altar_grove,
          serial_curves, eino_curves_03, eino_curves_03
D:2:      layout_basic
D:3:      layout_basic, st_stairs_7, kennysheep_generic_room_9, uniq_jessica,
          uniq_sigmund

Action                   || total
-------------------------++-------
Melee: Flail             ||   105
Armor: Scale mail        ||    64
Dodge: Dodged            ||    65
Block: Buckler           ||    24

Table legend: (Time is in decaauts)
 A = Elapsed time spent in this place.
 B = Non-inter-level travel time spent in this place.
 C = Inter-level travel time spent in this place.
 D = Time resting spent in this place.
 E = Time spent auto-exploring this place.
 F = Levels seen in this place.
 G = Mean time per level.
                   A        B        C        D        E       F      G
               +--------+--------+--------+--------+--------+-----+--------+
         Total |   2567 |   2550 |     17 |    400 |   1365 |   3 |  855.7 |
       Dungeon |   2567 |   2550 |     17 |    400 |   1365 |   3 |  855.7 |
               +--------+--------+--------+--------+--------+-----+--------+

Top non-repeatable levels by time:
     D:1: 1588 daAuts
     D:2: 881 daAuts
     D:3: 98 daAuts
